 Dungeon Crawl Stone Soup version 0.28.0-43-g3370ac3207 (webtiles) character file.

Game seed: 2072137694814824679

85 Peloso the Covered (level 4, 0/40 HPs)
             Began as a Minotaur Fighter on Mar 23, 2022.
             Killed from afar by an orc wizard (10 damage)
             ... with a magic dart
             ... on level 3 of the Dungeon.
             The game lasted 00:02:42 (2243 turns).

Peloso the Covered (Minotaur Fighter)               Turns: 2243, Time: 00:02:43

Health: 0/40       AC:  7    Str: 21    XL:     4   Next: 25%
Magic:  3/3        EV:  9    Int:  5    God:
Gold:   55         SH:  4    Dex: 11    Spells: 3/3 levels left

rFire   . . .      SeeInvis .   a - +0 long sword
rCold   . . .      Faith    .   c - +0 buckler
rNeg    . . .      Spirit   .   b - +0 scale mail
rPois   .          Reflect  .   (helmet restricted)
rElec   .          Harm     .   (no cloak)
rCorr   .          Rampage  .   (no gloves)
Will    .....                   (no boots)
Stlth   ..........              (no amulet)
HPRegen 0.13/turn               (no ring)
MPRegen 0.08/turn               (no ring)

@: no status effects
A: horns 2, retaliatory headbutt
a: no special abilities


You were on level 3 of the Dungeon.
You visited 1 branch of the dungeon, and saw 3 of its levels.

You collected 55 gold pieces.

Inventory:

Hand Weapons
 a - a +0 long sword (weapon)
Armour
 b - a +0 scale mail (worn)
 c - a +0 buckler (worn)
Jewellery
 i - an amulet of regeneration
 l - an amulet of guardian spirit
 m - a ring of fire
Scrolls
 e - 2 scrolls of identify {unknown}
 f - a scroll of noise {unknown}
 j - a scroll of brand weapon {unknown}
 n - a scroll of fog {unknown}
Potions
 d - 2 potions of might
 g - a potion of attraction {unknown}
 h - 2 potions of degeneration {unknown}
 k - a potion of curing {unknown}


   Skills:
 + Level 4.1 Fighting
 + Level 4.0 Long Blades
 + Level 4.2 Armour
 + Level 0.4 Dodging
 + Level 0.1 Stealth
 + Level 4.1 Shields


You had 3 spell levels left.
You didn't know any spells.
Your spell library was empty.

Dungeon Overview and Level Annotations

Branches:
Dungeon (3/15)

Altars:


Innate Abilities, Weirdness & Mutations

You have a pair of horns on your head.
You reflexively headbutt those who attack you in melee.


Message History

You hear some strange, mumbled words.
A magic dart appears from out of thin air!
The magic dart hits you. The jackal closely misses you.
You furiously retaliate!
You headbutt the jackal!
You kill the jackal!
You hear some strange, mumbled words.
A magic dart appears from out of thin air!
The magic dart hits you.
You closely miss something. You headbutt something.
You block the jackal's attack. Something hits you.
Unknown command.
You barely miss something.
The jackal bites you but does no damage.
The jackal barely misses you. Something hits you but does no damage.
You miss something. Your headbutt misses something.
The jackal closely misses you. Something hits you but does no damage.
The jackal bites you but does no damage.
You hit something. Your headbutt misses something.
The jackal closely misses you. Something hits you but does no damage.
The jackal bites you but does no damage.
Something hits you.
You barely miss something. The jackal bites you.
You hear some strange, mumbled words.
A magic dart appears from out of thin air!
The magic dart hits you.
You closely miss something. The jackal bites you. x2
Something hits you but does no damage.
You miss something. The jackal closely misses you. You furiously retaliate!
You headbutt the jackal, but do no damage.
You hear some strange, mumbled words.
A magic dart appears from out of thin air!
The magic dart hits you!
* * * LOW HITPOINT WARNING * * *
The jackal bites you but does no damage.
You barely miss something.
The jackal bites you but does no damage.
You hear some strange, mumbled words.
A magic dart appears from out of thin air!
The magic dart hits you!
You die...

... (.. ... #..
#####o### .....o..#
......#.##########
#.......o{@hhh#
#####..######.......
#.....# ##.....
####..#### .... ..
.## ##....## ... ..
..## ##....### ##
#.. ..#### ###..†.#
#..
#....###########.##
#######
##.##..........#
#..####......


You could see an orc and 3 jackals.

Vanquished Creatures
  A gnoll (D:1)
  An adder (D:3)
  2 dart slugs (D:1)
  3 orcs (D:3)
  4 endoplasms
  3 giant cockroaches
  5 goblins
  9 hobgoblins
  A jackal (D:3)
  3 ball pythons
  6 bats
  7 frilled lizards
  5 kobolds
  8 rats
58 creatures vanquished.

Vanquished Creatures (others)
  5 plants (D:1)
5 creatures vanquished.

Grand Total: 63 creatures vanquished

Notes
Turn   | Place    | Note
-------+----------+-------------------------------------------
     0 | D:1      | Peloso the Minotaur Fighter began the quest for the Orb.
     0 | D:1      | Reached XP level 1. HP: 19/19 MP: 0/0
   185 | D:1      | Found a faded altar of an unknown god.
   189 | D:1      | Reached XP level 2. HP: 23/27 MP: 1/1
   239 | D:1      | You fall into a shaft and drop 1 floor!
  1203 | D:1      | Reached XP level 3. HP: 33/33 MP: 2/2
  2139 | D:3      | Reached XP level 4. HP: 37/40 MP: 3/3
  2243 | D:3      | Killed from afar by an orc wizard

Illustrated notes

Levels and vault maps discovered:
D:1:      lemuel_arrival_muddy, layout_basic,
          shapermc_ecumenical_altar_mp_urbaneastern
D:2:      layout_loops_corners
D:3:      layout_rooms, zin_academy

Skill      XL: |  1  2  3  4 |
---------------+-------------+-----
Fighting       | 4 |  4.1
Long Blades    | 3 4 |  4.0
Armour         | 4 |  4.2
Shields        | 4 |  4.1
Dodging        | |  0.4
Stealth        | |  0.1

Action                   |  1- 3 |  4- 6 || total
-------------------------+-------+-------++-------
Melee: Long sword        |   100 |    23 ||   123
       Headbutt          |     8 |     3 ||    11
Armor: Scale mail        |    41 |    17 ||    58
Dodge: Dodged            |    40 |    15 ||    55
Block: Buckler           |    23 |     4 ||    27
